 Dungeon Crawl Stone Soup version 0.17-a0-1738-g82cdc46 (webtiles) character file.

159 kae the Slinger (level 5, -1/34 HPs)
             Began as a Halfling Hunter on Aug 30, 2015.
             Slain by Grinder (2 damage)
             ... on level 3 of the Dungeon.
             The game lasted 00:04:17 (3190 turns).

kae the Slinger (Halfling Hunter)                   Turns: 3190, Time: 00:04:18

Health: -1/34      AC:  3    Str: 17    XL:     5   Next: 68%
Magic:  5/5        EV: 14    Int: 10    God:
Gold:   120        SH:  0    Dex: 16    Spells: 0 memorised, 4 levels left

rFire  + . .     SeeInvis .     a - +1 hunting sling
rCold  + . .     Clarity  .     d - +0 leather armour
rNeg   . . .     SustAt   .     (shield restricted)
rPois  +         Gourm    .     (no helmet)
rElec  +         Spirit   .     (no cloak)
rCorr  +         Warding  .     (no gloves)
rMut   .         Stasis   .     (no boots)
MR     .....                    (no amulet)
Stlth  ++........               (no ring)
                                (no ring)

@: mighty, resistant, not resistant to hostile enchantments, unstealthy
A: mutation resistance 1
a: no special abilities


You were on level 3 of the Dungeon.
You were not hungry.

You visited 1 branch of the dungeon, and saw 3 of its levels.

You collected 120 gold pieces.

Inventory:

Hand weapons
 a - a +1 hunting sling (weapon)
 b - a +0 short sword
 x - a cursed -3 falchion
Missiles
 h - 11 stones (quivered)
Armour
 d - a +0 leather armour (worn)
Magical devices
 g - a wand of confusion (29)
 t - a wand of digging (13)
 y - a wand of heal wounds (5)
Scrolls
 k - a scroll of remove curse
 n - a scroll of magic mapping
Potions
 u - 2 potions of mutation
Books
 w - a book of Flames

   Spells                             Type                      Level
   a - Flame Tongue                   Conjuration/Fire             1
   b - Throw Flame                    Conjuration/Fire             2
   c - Conjure Flame                  Conjuration/Fire             3
   d - Inner Flame                    Hexes/Fire                   3
   e - Sticky Flame                   Conjuration/Fire             4
   f - Fireball                       Conjuration/Fire             5
Comestibles
 e - a bread ration
 f - a chunk of flesh
 o - 2 meat rations
 r - a fruit


   Skills:
 - Level 1.7 Fighting
 + Level 9.4 Slings
 - Level 2.1 Dodging
 - Level 1.1 Stealth


You had 4 spell levels left.
You didn't know any spells.

Dungeon Overview and Level Annotations

Branches:
Dungeon (3/15)

Altars:
Cheibriados
Dithmenos
Elyvilon
Fedhas
Qazlal
Trog
Vehumet
Xom
The Shining One

Annotations:
D:3 Grinder


Innate Abilities, Weirdness & Mutations

You are small and have problems with some larger weapons.
You are somewhat resistant to further mutation.


Message History

You are too injured to fight recklessly!
You are too injured to fight recklessly!
You are too injured to fight recklessly!
You are too injured to fight recklessly!
You are too injured to fight recklessly!
You are too injured to fight recklessly!
Drink which item? (? for menu, Esc to quit)
It was a potion of might.
You feel very mighty all of a sudden.
The jackal bites you but does no damage.
Grinder misses you.
Drink which item? (? for menu, Esc to quit)
It was a potion of resistance.
You feel protected. The jackal bites you.
* * * LOW HITPOINT WARNING * * *
Grinder hits you.
* * * LOW HITPOINT WARNING * * *
You writhe in agony.
You die...

#.# #.# *,#**,** *,**,*,
*****#.# #.# *(# *** *<**,*,
,,,,,#.# ##!##*#.## *,,,,,,
#**#.#.# #...,....## **,*,,,
## #.#.# #..##....(###* *,**,,
_# #.#.# #..$......(((* *,**,,
## #.#[# #.†.#,...(#*,* *,**,,
# #.#.#####..†##5..#**,*
#.**.. #.>..........@#,** *,*
#.**.. #.#..........h..# *,*
#.**..
#...............#***,****.##?.
#.#########.#.#.$..,,,,,,.....
#.# #.#.#####*,****#....
####.# #.#.# *,* #5... .....#
#.#.#*****,* #<... ######
#...(,,,,..#####.... ...#
****,*,,,,........#..


You could see Grinder and a jackal.

Vanquished Creatures
  Ijyb (D:3)
  Terence (D:3)
  3 adders
  An ooze (D:3)
  2 worms
  7 orcs (D:3)
  7 bats
  A giant cockroach (D:1)
  7 hobgoblins
  5 jackals
  6 kobolds
  4 quokkas
  3 giant geckos
  A giant newt (D:2)
  7 goblins
  6 rats
62 creatures vanquished.

Notes
Turn   | Place    | Note
--------------------------------------------------------------
     0 | D:1      | kae the Halfling Hunter began the quest for the Orb.
     0 | D:1      | Reached XP level 1. HP: 14/14 MP: 1/1
   113 | D:1      | Reached skill level 6 in Slings
   375 | D:1      | Reached XP level 2. HP: 9/19 MP: 2/2
  1020 | D:2      | Found a bloodstained altar of Trog.
  1195 | D:2      | Reached skill level 7 in Slings
  1195 | D:2      | Reached XP level 3. HP: 21/24 MP: 3/3
  2152 | D:3      | Noticed Grinder
  2192 | D:3      | Noticed Ijyb
  2202 | D:3      | Killed Ijyb
  2202 | D:3      | Reached skill level 8 in Slings
  2202 | D:3      | Reached XP level 4. HP: 29/29 MP: 4/4
  2296 | D:3      | Reached XP level 5. HP: 34/34 MP: 5/5
  2414 | D:3      | Noticed Terence
  2457 | D:3      | Killed Terence
  2457 | D:3      | Reached skill level 9 in Slings
  2468 | D:3      | Found a radiant altar of Vehumet.
  2911 | D:3      | Found a shimmering altar of Xom.
  2916 | D:3      | Found a glowing golden altar of the Shining One.
  2921 | D:3      | Found a blossoming altar of Fedhas.
  2927 | D:3      | Found a stormy altar of Qazlal.
  2932 | D:3      | Found a white marble altar of Elyvilon.
  2937 | D:3      | Found a snail-covered altar of Cheibriados.
  2942 | D:3      | Found a shadowy altar of Dithmenos.
  3190 | D:3      | HP: 1/34 [Grinder (2)]
  3190 | D:3      | Slain by Grinder

Vault maps used:
D:1:      shiori_shiawase
D:2:      bloody_trog, kennysheep_crisscross
D:3:      grunt_temple_overflow_octagram, nicolae_overflow_crystal_walls,
          gup_sewer_entry_bubbles, uniq_grinder, uniq_terence, uniq_iyjb,
          uniq_crazy_yiuf_cottage

Action                   |  1- 3 |  4- 6 || total
-------------------------+-------+-------++-------
Melee: Short sword       |   120 |    65 ||   185
 Fire: Hunting sling     |    14 |    97 ||   111
  Use: Potion            |     1 |     2 ||     3
       Scroll            |       |     9 ||     9
 Stab: Sleeping          |     3 |     1 ||     4
  Eat: Chunk             |     2 |     1 ||     3
       Bread ration      |       |     1 ||     1
       Fruit             |       |     1 ||     1
